Map: Oxide LE

Players

LiquidClem (Clem)

  • Race: Terran Terran

DPGrogue (Rogue) - Winner!

  • Race: Zerg Zerg

Event: ASUS ROG Fall 2021

VOD

Have the link to the VOD?

Description

Time

  • Played on: Sept. 19, 2021, 8:12 a.m.
  • Length: 10:55

All games in this series

Show
View Real Time Build Order
Export as new Build Order

LiquidClem Terran 

Build Orders: Liberator Opening, Reaper Expand 

Get SALT Encoding   

  12  0:00  SCV  
  13  0:12  SCV  
  14  0:17  Supply Depot  
  14  0:25  SCV  
  15  0:38  SCV  
  15  0:39  Barracks  
  16  0:42  Refinery  
  16  0:50  SCV  
  17  1:03  SCV  
  18  1:15  SCV  
  19  1:26  Reaper  
  19  1:27  Orbital Command  
  20  1:39  Command Center  
  20  1:46  Supply Depot  
  20  1:52  SCV  
  21  1:58  Marine  
  22  2:05  SCV  
  23  2:10  Factory  
  23  2:17  SCV  
  23  2:20  Barracks Reactor  
  24  2:29  SCV  
  25  2:38  Command Center  
  25  2:42  SCV  
  26  2:51  Orbital Command  
  26  2:54  SCV  
  26  2:58  Starport  
  27  3:02  Refinery  
  27  3:06  SCV  
  27  3:10  Hellion  
  30  3:14  Hellion  
  30  3:17  SCV  
  34  3:20  SCV  
  34  3:21  Barracks Tech Lab  
  34  3:29  SCV  
  34  3:31  Hellion  
  34  3:34  SCV  
  38  3:35  Hellion  
  40  3:41  SCV  
  40  3:45  Liberator  
  40  3:46  SCV  
  45  3:52  Hellion  
  45  3:53  SCV  
  48  3:56  Orbital Command  
  48  3:57  Hellion  
  48  3:59  SCV  
  48  4:01  Marine  
  52  4:05  SCV  
  53  4:10  Supply Depot  
  53  4:11  SCV  
  53  4:13  Stimpack  
  54  4:17  SCV  
  54  4:19  Barracks  
  54  4:23  Barracks  
  55  4:24  SCV  
  55  4:26  SCV  
  55  4:27  Factory Reactor  
  57  4:31  Starport Reactor  
  57  4:33  SCV  
  57  4:35  Supply Depot  
  58  4:38  Engineering Bay  
  58  4:40  Engineering Bay  
  58  4:41  Engineering Bay  
  58  4:44  SCV  
  58  4:45  Refinery  
  59  4:46  Marine  
  59  4:49  SCV  
  59  4:50  SCV  
  62  4:56  Supply Depot  
  62  4:58  SCV  
  63  5:01  SCV  
  63  5:04  Marine  
  65  5:10  Marine  
  65  5:12  Terran Infantry Armor Level 1, Terran Infantry Weapons Level 1  
  65  5:13  Marine, SCV  
  65  5:14  Factory Reactor  
  68  5:15  Orbital Command  
  68  5:19  Marine x2, Refinery  
  70  5:21  Marine  
  70  5:22  SCV  
  70  5:25  SCV  
  70  5:28  Marine  
  74  5:31  Marine  
  73  5:35  Supply Depot  
  73  5:36  SCV  
  73  5:37  Marine x2, Medivac x2  
  73  5:38  SCV  
  73  5:39  Marine  
  73  5:42  SCV  
  80  5:45  Marine  
  80  5:47  Barracks  
  80  5:48  SCV, Barracks  
  80  5:49  Marine  
  83  5:52  Widow Mine  
  83  5:53  Combat Shield  
  85  5:57  SCV x2, Widow Mine, Supply Depot  
  85  6:00  SCV  
  85  6:01  Marine, Supply Depot  
  85  6:02  Marine  
  85  6:03  Marine  
  93  6:19  Marine, SCV x3  
  93  6:20  Supply Depot, Widow Mine x2  
  93  6:22  Supply Depot, Medivac x2  
  105  6:29  Marine  
  105  6:31  SCV x3  
  105  6:33  Armory  
  103  6:43  Marine, SCV x2  
  103  6:46  Refinery, SCV  
  107  6:47  Factory  
  107  6:51  Marine x2, Supply Depot  
  107  6:52  Marine  
  107  6:53  Supply Depot  
  114  6:55  SCV x2  
  114  6:56  Marine  
  114  6:57  Barracks Reactor x2  
  114  6:58  SCV  
  114  7:00  Marine, Factory Tech Lab  
  114  7:01  Supply Depot  
  115  7:03  Bunker  
  115  7:05  Supply Depot  
  115  7:07  SCV  
  113  7:08  Marine  
  113  7:09  Marine  
  113  7:10  Marine, SCV  
  113  7:11  Supply Depot  
  113  7:13  Marine  
  118  7:17  SCV  
  118  7:18  Marine  
  118  7:19  Siege Tank  
  123  7:24  Bunker, SCV  
  123  7:25  Supply Depot  
  123  7:26  Marine x2  
  123  7:28  Marine  
  127  7:31  Marine  
  127  7:32  Marine x2, Factory Tech Lab  
  127  7:36  Marine  
  127  7:37  Marine x2, Medivac x2  
  133  7:38  Supply Depot  
  133  7:41  SCV x3  
  140  7:44  Marine x2  
  140  7:46  Marine  
  140  7:49  Marine  
  140  7:50  Siege Tank  
  147  7:52  Siege Tank  
  147  7:54  Marine x3  
  147  7:55  Marine  
  147  7:57  Marine  
  149  8:02  Marine x2  
  149  8:04  Marine  
  127  8:12  Marine x3  
  119  8:13  Marine  
  119  8:14  Terran Infantry Weapons Level 2  
  117  8:20  Refinery, Command Center  
  117  8:21  Marine x2  
  117  8:23  Siege Tank  
  117  8:24  Marine x2, Siege Tank  
  119  8:28  Engineering Bay  
  119  8:31  Marine  
  119  8:32  Marine  
  119  8:33  Marine x2  
  121  8:36  Marine  
  121  8:38  Marine x2  
  121  8:42  Marine x2  
  118  8:49  Marine x2  
  118  8:51  Marine x2  
  118  8:54  Marine  
  118  8:55  Siege Tank  
  126  8:56  Marine x2  
  126  8:57  Siege Tank  
  126  9:00  Marine x2  
  126  9:02  SCV  
  131  9:07  Marine x2  
  131  9:09  Marine x2  
  132  9:10  Supply Depot  
  132  9:11  Marine  
  132  9:14  Marine x2, Liberator x2  
  141  9:17  Marine  
  141  9:18  Marine  
  141  9:19  Supply Depot  
  141  9:20  Supply Depot  
  143  9:24  Supply Depot  
  143  9:25  Marine x2  
  143  9:26  Supply Depot  
  143  9:28  SCV x3  
  148  9:32  Siege Tank  
  148  9:35  Supply Depot  
  150  9:39  Marine x2, Sensor Tower  
  150  9:42  Marine x2  
  150  9:44  Siege Tank  
  155  9:46  Marine x2  
  155  9:50  Marine x2  
  159  9:54  Marine  
  159  9:57  Marine  
  159  9:58  Marine  
  159  9:59  Marine  
  154  10:00  Marine  
  154  10:04  Marine x2  
  127  10:08  Marine  
  117  10:15  Marine  
  117  10:16  Siege Tank  
  117  10:17  Marine x2  
  117  10:18  Marine x2  
  117  10:19  Marine  
  93  10:22  Marine x2, SCV  
  93  10:25  SCV  
  93  10:26  Marine  
  80  10:32  Marine  
  80  10:35  Marine x2  
  78  10:36  Marine x2  
  78  10:37  Marine  
  85  10:49  Factory Tech Lab  
Show
View Real Time Build Order
Export as new Build Order

DPGrogue Zerg - Winner!

Build Orders: Hatch First 

Get SALT Encoding   

  12  0:00  Drone  
  13  0:12  Overlord  
  13  0:17  Drone  
  14  0:30  Drone x2  
  16  0:47  Hatchery  
  15  0:50  Drone  
  15  0:53  Drone  
  17  0:57  Drone  
  18  1:07  Extractor  
  17  1:13  Spawning Pool  
  17  1:15  Drone  
  17  1:18  Drone  
  18  1:28  Drone  
  19  1:39  Drone  
  20  1:49  Drone  
  21  1:59  Queen x2  
  21  2:00  Zergling x4  
  27  2:10  Zergling x2, Overlord  
  28  2:19  Hatchery  
  27  2:23  Drone  
  27  2:29  Drone  
  29  2:34  Drone x2  
  31  2:38  Queen  
  33  2:44  Metabolic Boost  
  33  2:49  Overlord  
  33  2:51  Drone  
  33  2:54  Drone  
  33  2:56  Drone  
  36  3:09  Drone x5  
  41  3:13  Queen  
  41  3:18  Overlord  
  43  3:22  Drone  
  44  3:31  Queen  
  44  3:33  Overlord  
  46  3:35  Drone x2  
  46  3:39  Queen  
  46  3:41  Drone x2  
  52  3:46  Zergling x4  
  52  3:47  Zergling x2  
  55  3:49  Overlord  
  55  3:51  Drone  
  55  3:52  Drone  
  55  3:54  Drone  
  58  3:58  Queen  
  58  4:00  Drone  
  58  4:02  Drone  
  62  4:04  Drone  
  62  4:06  Drone  
  62  4:07  Drone  
  65  4:11  Drone  
  65  4:16  Drone x5  
  71  4:23  Overlord  
  71  4:25  Drone  
  71  4:29  Spore Crawler  
  71  4:30  Extractor  
  71  4:31  Lair, Spore Crawler  
  69  4:38  Drone x5  
  74  4:41  Overlord  
  74  4:42  Drone  
  75  4:47  Drone x4  
  75  4:50  Extractor  
  75  4:51  Extractor  
  77  4:53  Drone x3  
  77  4:55  Spore Crawler, Drone  
  77  4:57  Drone  
  81  5:01  Drone  
  81  5:02  Evolution Chamber x2  
  78  5:09  Drone x2  
  78  5:11  Drone x2  
  78  5:13  Extractor x2, Drone  
  80  5:18  Drone  
  81  5:21  Drone x2  
  81  5:22  Drone x2  
  81  5:25  Roach Warren  
  81  5:26  Overlord  
  84  5:32  Zerg Ground Armor Level 1, Zerg Missile Weapons Level 1, Drone  
  84  5:33  Drone x2  
  87  5:36  Drone x2  
  86  5:47  Overlord  
  86  5:49  Overseer  
  86  5:51  Overlord x2  
  86  6:01  Hatchery  
  85  6:04  Glial Reconstitution  
  85  6:07  Roach x8  
  85  6:08  Roach  
  103  6:13  Overlord  
  103  6:19  Roach x5  
  103  6:21  Overlord  
  103  6:24  Overlord  
  103  6:25  Overlord  
  113  6:28  Roach x2  
  113  6:30  Roach  
  118  6:33  Roach x2  
  118  6:35  Roach  
  118  6:37  Roach  
  118  6:39  Roach  
  125  6:41  Roach  
  125  6:42  Roach  
  128  6:50  Roach  
  128  6:51  Roach  
  132  6:56  Roach  
  132  6:57  Roach x2  
  138  7:04  Roach  
  138  7:06  Roach  
  138  7:08  Roach  
  138  7:09  Roach x3  
  150  7:15  Roach x2  
  150  7:16  Roach  
  150  7:17  Roach  
  154  7:24  Overlord x2  
  154  7:26  Overlord  
  154  7:28  Overlord  
  154  7:33  Overseer  
  154  7:35  Ravager x5  
  154  7:36  Ravager  
  160  7:38  Zerg Ground Armor Level 2, Zerg Missile Weapons Level 2  
  160  7:44  Roach  
  160  7:45  Roach x8  
  160  7:47  Roach  
  160  7:49  Roach x2  
  160  7:50  Zergling x6  
  188  7:51  Zergling x2  
  188  7:55  Zergling x2  
  188  7:56  Zergling x2  
  188  8:01  Roach x4  
  188  8:02  Roach  
  188  8:03  Roach  
  182  8:11  Roach  
  182  8:12  Roach x3  
  160  8:14  Roach x2  
  160  8:15  Roach  
  161  8:24  Roach x5  
  161  8:26  Roach  
  168  8:28  Roach  
  168  8:32  Roach  
  168  8:34  Roach x3  
  166  8:41  Roach x4  
  172  8:47  Roach  
  172  8:48  Roach x3  
  174  8:53  Ravager, Zergling x2  
  174  8:54  Ravager x2  
  174  8:55  Zergling x6  
  181  8:58  Roach  
  181  9:02  Roach  
  183  9:03  Roach  
  183  9:06  Overlord  
  181  9:10  Roach  
  181  9:11  Overlord  
  181  9:12  Zergling x2  
  181  9:15  Overlord  
  181  9:17  Roach  
  184  9:28  Overseer, Overlord  
  183  9:32  Ravager x6  
  183  9:34  Zergling x22  
  199  9:40  Zergling x4  
  187  10:02  Roach  
  187  10:05  Roach x6  
  187  10:06  Roach x10  
  198  10:09  Roach  
  194  10:18  Roach x7  
  194  10:20  Roach  
  177  10:23  Overseer, Roach x2  
  177  10:24  Roach  
  177  10:26  Roach  
  177  10:28  Roach  
  182  10:33  Roach x3  
  182  10:35  Roach  
  188  10:38  Ravager  
  188  10:39  Overseer  
Tags
 
Add a new tag
Caveats
  • Supply blocks, unpowered buildings, or Contaminate may cause inaccurate times.
  • Supply counts are checked every 10 seconds.